| TOP OF THE 1ST |
|
Niagara Falls Phantoms batting - Pitching for Detroit Red Wings : LHP Satoru Mori
|
|
Pitching: LHP Satoru Mori
|
|
|
Batting: RHB Paul Ngumi
|
0-0: Called Strike 0-1: Foul Ball, location: 2F 0-2: Ball 1-2: SOLO HOME RUN (Line Drive, 9LD, EV 92.5 MPH), Distance : 343 ft
|
|
Batting: RHB Jesus Ruiz
|
0-0: Ball 1-0: Ball 2-0: Called Strike 2-1: Foul Ball, location: 2F 2-2: Ball 3-2: Strikes out swinging
|
|
Batting: LHB Danny de Leon
|
0-0: DOUBLE (Line Drive, 7LM, EV 106.9 MPH)
|
|
Batting: LHB Justin Short
|
0-0: Called Strike 0-1: Swinging Strike 0-2: Foul Ball, location: 2F 0-2: 2-RUN HOME RUN (Flyball, 9LD, EV 96.2 MPH), Distance : 359 ft
|
|
Batting: RHB Yasuoka Tsuda
|
0-0: Ball 1-0: Ball 2-0: Fly out, F9 (Flyball, 89S, EV 82.5 MPH)
|
|
Batting: RHB Ken Stair
|
0-0: Fly out, F9 (Flyball, 89D, EV 101.2 MPH)
|
| Top of the 1st over - 3 runs, 3 hits, 0 errors, 0 left on base; Niagara Falls 3 - Detroit 0 |
| BOTTOM OF THE 1ST |
|
Detroit Red Wings batting - Pitching for Niagara Falls Phantoms : RHP Yoshida Abe
|
|
Pitching: RHP Yoshida Abe
|
|
|
Batting: RHB Seth Fox
|
0-0: Foul Ball, location: 2F 0-1: Ball 1-1: Foul Ball, location: 2F 1-2: Ground out 5-3 (Groundball, 56, EV 89.4 MPH)
|
|
Batting: SHB Eisse Wijnja
|
0-0: Ball 1-0: Ball 2-0: Ground out 6-3 (Groundball, 56, EV 86.9 MPH)
|
|
Batting: RHB Jorge Lebron
|
0-0: Ball 1-0: Called Strike 1-1: Reached on error, E8 (Flyball, 78D, EV 99.4 MPH)
|
|
Batting: LHB Jamie Christian
|
0-0: Ball 1-0: Called Strike 1-1: Called Strike 1-2: Ball 2-2: Foul Ball, location: 2F 2-2: DOUBLE (Groundball, 5L, EV 101.9 MPH) Jorge Lebron scores
|
|
Batting: RHB Yankel Pensak
|
0-0: Called Strike 0-1: Called Strike 0-2: Strikes out swinging
|
| Bottom of the 1st over - 1 run, 1 hit, 1 error, 1 left on base; Niagara Falls 3 - Detroit 1 |
| TOP OF THE 2ND |
|
Niagara Falls Phantoms batting - Pitching for Detroit Red Wings : LHP Satoru Mori
|
|
Batting: RHB Tchaa Kombate
|
0-0: Ball 1-0: Foul Ball, location: 2F 1-1: Called Strike 1-2: Strikes out swinging
|
|
Batting: RHB Arturo Gomez
|
0-0: Ball 1-0: Ball 2-0: SINGLE (Line Drive, 8LS, EV 101.9 MPH)
|
|
Batting: LHB Dave Ortiz
|
0-0: Fly out, F7 (Flyball, 7LM, EV 88.8 MPH)
|
|
Batting: RHB Paul Ngumi
|
0-0: Ball 1-0: Ball 2-0: TRIPLE (Flyball, 9LD, EV 100.0 MPH) Arturo Gomez scores
|
|
Batting: RHB Jesus Ruiz
|
0-0: Foul Ball, location: 2F 0-1: Ball 1-1: Ball 2-1: 2-RUN HOME RUN (Flyball, 7D, EV 106.9 MPH), Distance : 395 ft
|
|
Batting: LHB Danny de Leon
|
0-0: Ball 1-0: Called Strike 1-1: Called Strike 1-2: Foul Ball, location: 2F 1-2: Ball 2-2: Ball 3-2: Foul Ball, location: 2F 3-2: Ground out U3 (Groundball, 3, EV 82.5 MPH)
|
| Top of the 2nd over - 3 runs, 3 hits, 0 errors, 0 left on base; Niagara Falls 6 - Detroit 1 |
| BOTTOM OF THE 2ND |
|
Detroit Red Wings batting - Pitching for Niagara Falls Phantoms : RHP Yoshida Abe
|
|
Batting: RHB Juan Perez
|
0-0: Ball 1-0: Called Strike 1-1: Ball 2-1: Called Strike 2-2: Ground out 5-3 (Groundball, 5, EV 84.4 MPH)
|
|
Batting: LHB Iestyn Peacock
|
0-0: Called Strike 0-1: Ball 1-1: Ball 2-1: Called Strike 2-2: Strikes out looking
|
|
Batting: RHB Dustin Bursell
|
0-0: Fly out, F9 (Flyball, 9, EV 86.2 MPH)
|
| Bottom of the 2nd over - 0 runs, 0 hits, 0 errors, 0 left on base; Niagara Falls 6 - Detroit 1 |
| TOP OF THE 3RD |
|
Niagara Falls Phantoms batting - Pitching for Detroit Red Wings : LHP Satoru Mori
|
|
Batting: LHB Justin Short
|
0-0: Foul Ball, location: 2F 0-1: Ball 1-1: Fly out, F9 (Flyball, 89S, EV 87.5 MPH)
|
|
Batting: RHB Yasuoka Tsuda
|
0-0: Ground out 5-3 (Groundball, 56, EV 106.9 MPH)
|
|
Batting: RHB Ken Stair
|
0-0: Called Strike 0-1: Called Strike 0-2: Ball 1-2: Ball 2-2: Ball 3-2: Base on Balls
|
|
Pitching: RHP Mike Valdivia
|
|
|
Batting: RHB Tchaa Kombate
|
0-0: Called Strike 0-1: Swinging Strike 0-2: Strikes out looking
|
| Top of the 3rd over - 0 runs, 0 hits, 0 errors, 1 left on base; Niagara Falls 6 - Detroit 1 |
| BOTTOM OF THE 3RD |
|
Detroit Red Wings batting - Pitching for Niagara Falls Phantoms : RHP Yoshida Abe
|
|
Batting: RHB Cody Kafer
|
0-0: Ball 1-0: Foul Ball, location: 2F 1-1: Swinging Strike 1-2: Foul Ball, location: 2F 1-2: Ball 2-2: Foul Ball, location: 2F 2-2: Strikes out swinging
|
|
Batting: RHB Seth Fox
|
0-0: Called Strike 0-1: Foul Ball, location: 2F 0-2: Ball 1-2: Ball 2-2: DOUBLE (Line Drive, 78M, EV 90.6 MPH)
|
|
Batting: SHB Eisse Wijnja
|
0-0: Ball 1-0: Ball 2-0: Called Strike 2-1: Called Strike 2-2: Strikes out looking
|
|
Batting: RHB Jorge Lebron
|
0-0: Fly out, F8 (Line Drive, 8RM, EV 91.2 MPH)
|
| Bottom of the 3rd over - 0 runs, 1 hit, 0 errors, 1 left on base; Niagara Falls 6 - Detroit 1 |
| TOP OF THE 4TH |
|
Niagara Falls Phantoms batting - Pitching for Detroit Red Wings : RHP Mike Valdivia
|
|
Batting: RHB Arturo Gomez
|
0-0: Ball 1-0: Ball 2-0: Called Strike 2-1: Ball 3-1: Foul Ball, location: 2F 3-2: Strikes out swinging
|
|
Batting: LHB Dave Ortiz
|
0-0: Ball 1-0: Foul Ball, location: 2F 1-1: Foul Ball, location: 2F 1-2: Ball 2-2: Foul Ball, location: 2F 2-2: Strikes out swinging
|
|
Batting: RHB Paul Ngumi
|
0-0: Foul Ball, location: 2F 0-1: Ball 1-1: Ball 2-1: Ball 3-1: Called Strike 3-2: Strikes out looking
|
| Top of the 4th over - 0 runs, 0 hits, 0 errors, 0 left on base; Niagara Falls 6 - Detroit 1 |
| BOTTOM OF THE 4TH |
|
Detroit Red Wings batting - Pitching for Niagara Falls Phantoms : RHP Yoshida Abe
|
|
Batting: LHB Jamie Christian
|
0-0: Ball 1-0: Ground out 1-3 (Groundball, P, EV 63.8 MPH)
|
|
Batting: RHB Yankel Pensak
|
0-0: Ball 1-0: Swinging Strike 1-1: Ball 2-1: Foul Ball, location: 2F 2-2: Ball 3-2: Foul Ball, location: 2F 3-2: Foul Ball, location: 2F 3-2: Foul Ball, location: 2F 3-2: Foul Ball, location: 2F 3-2: Fly out, F8 (Line Drive, 8RM, EV 90.6 MPH)
|
|
Batting: RHB Juan Perez
|
0-0: Ball 1-0: Ball 2-0: Ball 3-0: Base on Balls
|
|
Batting: LHB Iestyn Peacock
|
0-0: Ball 1-0: Ball 2-0: SINGLE (Groundball, 34D, EV 105.6 MPH) Juan Perez to second
|
|
Batting: RHB Dustin Bursell
|
0-0: Foul Ball, location: 2F 0-1: Ball 1-1: Ground out 3-1 (Groundball, 34S, EV 85.0 MPH)
|
| Bottom of the 4th over - 0 runs, 1 hit, 0 errors, 2 left on base; Niagara Falls 6 - Detroit 1 |
| TOP OF THE 5TH |
|
Niagara Falls Phantoms batting - Pitching for Detroit Red Wings : RHP Mike Valdivia
|
|
Batting: RHB Jesus Ruiz
|
0-0: Fly out, F8 (Line Drive, 8RM, EV 90.0 MPH)
|
|
Batting: LHB Danny de Leon
|
0-0: Fly out, F5 (Line Drive, 56, EV 63.8 MPH)
|
|
Batting: LHB Justin Short
|
0-0: SINGLE (Line Drive, 7S, EV 91.9 MPH)
|
|
Batting: RHB Yasuoka Tsuda
|
0-0: Fly out, F8 (Line Drive, 8RD, EV 87.5 MPH)
|
| Top of the 5th over - 0 runs, 1 hit, 0 errors, 1 left on base; Niagara Falls 6 - Detroit 1 |
| BOTTOM OF THE 5TH |
|
Detroit Red Wings batting - Pitching for Niagara Falls Phantoms : RHP Yoshida Abe
|
|
Batting: RHB Cody Kafer
|
0-0: Fly out, F7 (Flyball, 7S, EV 93.1 MPH)
|
|
Batting: RHB Seth Fox
|
0-0: Ball 1-0: Foul Ball, location: 2F 1-1: Ball 2-1: Foul Ball, location: 2F 2-2: Strikes out swinging
|
|
Batting: SHB Eisse Wijnja
|
0-0: Ball 1-0: Called Strike 1-1: Called Strike 1-2: Foul Ball, location: 3F, Error on foul ball, E3 1-2: Ground out 5-3 (Groundball, 56S, EV 76.9 MPH)
|
| Bottom of the 5th over - 0 runs, 0 hits, 1 error, 0 left on base; Niagara Falls 6 - Detroit 1 |
| TOP OF THE 6TH |
|
Niagara Falls Phantoms batting - Pitching for Detroit Red Wings : RHP Mike Valdivia
|
|
Batting: RHB Ken Stair
|
0-0: Foul Ball, location: 2F 0-1: Foul Ball, location: 2F 0-2: Ground out 5-3 (Groundball, 56S, EV 90.0 MPH)
|
|
Batting: RHB Tchaa Kombate
|
0-0: Called Strike 0-1: Ball 1-1: Foul Ball, location: 2F 1-2: Strikes out swinging
|
|
Batting: RHB Arturo Gomez
|
0-0: Ball 1-0: Fly out, F8 (Flyball, 8LD, EV 98.8 MPH)
|
| Top of the 6th over - 0 runs, 0 hits, 0 errors, 0 left on base; Niagara Falls 6 - Detroit 1 |
| BOTTOM OF THE 6TH |
|
Detroit Red Wings batting - Pitching for Niagara Falls Phantoms : RHP Yoshida Abe
|
|
Batting: RHB Jorge Lebron
|
0-0: Ball 1-0: Swinging Strike 1-1: Swinging Strike 1-2: Foul Ball, location: 2F 1-2: Foul Ball, location: 2F 1-2: Strikes out swinging
|
|
Batting: LHB Jamie Christian
|
0-0: Ball 1-0: Ball 2-0: Swinging Strike 2-1: Foul Ball, location: 2F 2-2: Strikes out looking
|
|
Batting: RHB Yankel Pensak
|
0-0: Reached on error, E4 (Groundball, 34, EV 86.2 MPH)
|
|
Batting: RHB Juan Perez
|
0-0: Called Strike 0-1: Ground out 1-3 (Groundball, 13S, EV 66.9 MPH)
|
| Bottom of the 6th over - 0 runs, 0 hits, 1 error, 1 left on base; Niagara Falls 6 - Detroit 1 |
| TOP OF THE 7TH |
|
Niagara Falls Phantoms batting - Pitching for Detroit Red Wings : RHP Mike Valdivia
|
|
Batting: LHB Dave Ortiz
|
0-0: Swinging Strike 0-1: Ball 1-1: Ball 2-1: Ball 3-1: Base on Balls
|
|
Batting: RHB Paul Ngumi
|
0-0: SINGLE (Groundball, 6MD, EV 102.5 MPH) Dave Ortiz to second Runner from 2nd tries for 3rd, OUT! 8-5 Paul Ngumi to second
|
|
Batting: RHB Jesus Ruiz
|
0-0: SINGLE (Groundball, 6MD, EV 102.5 MPH) Paul Ngumi to third Runner from 3rd tries for Home, SAFE, throw by CF to home Jesus Ruiz to second
|
|
Batting: LHB Danny de Leon
|
0-0: Called Strike 0-1: Ball 1-1: Swinging Strike 1-2: Ball 2-2: Foul Ball, location: 2F 2-2: Foul Ball, location: 2F 2-2: Ball 3-2: Base on Balls
|
|
Pitching: RHP Mike Santana
|
|
|
Batting: LHB Justin Short
|
0-0: Called Strike 0-1: Ball 1-1: TRIPLE (Flyball, 89XD, EV 101.9 MPH) Jesus Ruiz scores Danny de Leon scores
|
|
Batting: RHB Yasuoka Tsuda
|
0-0: Foul Ball, location: 2F 0-1: Ball 1-1: Called Strike 1-2: Ball 2-2: Strikes out swinging
|
|
Batting: RHB Ken Stair
|
0-0: Called Strike 0-1: Called Strike 0-2: Foul Ball, location: 2F 0-2: Strikes out looking
|
| Top of the 7th over - 3 runs, 3 hits, 0 errors, 1 left on base; Niagara Falls 9 - Detroit 1 |
| BOTTOM OF THE 7TH |
|
Detroit Red Wings batting - Pitching for Niagara Falls Phantoms : RHP Yoshida Abe
|
|
Batting: LHB Iestyn Peacock
|
0-0: Ball 1-0: Fly out, F4 (Popup, 4, EV 61.9 MPH)
|
|
Batting: RHB Dustin Bursell
|
0-0: Ball 1-0: SINGLE (Line Drive, 7S, EV 84.4 MPH)
|
|
Batting: RHB Cody Kafer
|
0-0: Called Strike 0-1: Fly out, F8 (Line Drive, 8RM, EV 104.4 MPH)
|
|
Batting: RHB Seth Fox
|
0-0: Called Strike Dustin Bursell steals 2nd base (no throw) 0-1: Foul Ball, location: 2F 0-2: Ball 1-2: Strikes out swinging
|
| Bottom of the 7th over - 0 runs, 1 hit, 0 errors, 1 left on base; Niagara Falls 9 - Detroit 1 |
| TOP OF THE 8TH |
|
Niagara Falls Phantoms batting - Pitching for Detroit Red Wings : RHP Mike Santana
|
|
Batting: RHB Tchaa Kombate
|
0-0: Swinging Strike 0-1: Foul Ball, location: 2F 0-2: Ball 1-2: Strikes out looking
|
|
Batting: RHB Arturo Gomez
|
0-0: Swinging Strike 0-1: Called Strike 0-2: Strikes out looking
|
|
Batting: LHB Dave Ortiz
|
0-0: Ball 1-0: Foul Ball, location: 2F 1-1: Ball 2-1: Foul Ball, location: 2F 2-2: Strikes out swinging
|
| Top of the 8th over - 0 runs, 0 hits, 0 errors, 0 left on base; Niagara Falls 9 - Detroit 1 |
| BOTTOM OF THE 8TH |
|
Detroit Red Wings batting - Pitching for Niagara Falls Phantoms : RHP Yoshida Abe
|
|
Batting: SHB Eisse Wijnja
|
0-0: Called Strike 0-1: Swinging Strike 0-2: SINGLE (Line Drive, 3D, EV 99.4 MPH)
|
|
Pitching: RHP Chris Bryant
|
|
|
Batting: RHB Jorge Lebron
|
0-0: Swinging Strike 0-1: Fly out, F9 (Flyball, 9, EV 89.4 MPH)
|
|
Pitching: LHP Bennett Mele
|
|
|
Pinch Hitting: SHB Franklin Garza
|
0-0: Foul Ball, location: 2F 0-1: Called Strike 0-2: Strikes out looking
|
|
Batting: RHB Yankel Pensak
|
0-0: Foul Ball, location: 2F 0-1: Ball 1-1: Called Strike 1-2: Fly out, F9 (Line Drive, 89M, EV 100.6 MPH)
|
| Bottom of the 8th over - 0 runs, 1 hit, 0 errors, 1 left on base; Niagara Falls 9 - Detroit 1 |
| TOP OF THE 9TH |
|
Niagara Falls Phantoms batting - Pitching for Detroit Red Wings : RHP Mike Santana
|
|
Pitching: RHP Denzel McPherson
|
|
|
Now at 1B: Franklin Garza
|
|
|
Batting: RHB Paul Ngumi
|
0-0: Ball 1-0: Ball 2-0: Ball 3-0: Called Strike 3-1: Fly out, F7 (Flyball, 78M, EV 97.5 MPH)
|
|
Batting: RHB Jesus Ruiz
|
0-0: DOUBLE (Flyball, 8RXD, EV 93.8 MPH)
|
|
Batting: LHB Danny de Leon
|
0-0: Foul Ball, location: 2F 0-1: Fly out, F4 (Popup, 4S, EV 81.9 MPH)
|
|
Batting: LHB Justin Short
|
0-0: Called Strike 0-1: Called Strike 0-2: Foul Ball, location: 2F 0-2: Strikes out looking
|
| Top of the 9th over - 0 runs, 1 hit, 0 errors, 1 left on base; Niagara Falls 9 - Detroit 1 |
| BOTTOM OF THE 9TH |
|
Detroit Red Wings batting - Pitching for Niagara Falls Phantoms : LHP Bennett Mele
|
|
Batting: RHB Juan Perez
|
0-0: Ball 1-0: Called Strike 1-1: Called Strike 1-2: Fly out, F1 (Line Drive, P, EV 70.0 MPH)
|
|
Batting: LHB Iestyn Peacock
|
0-0: Ball 1-0: Swinging Strike 1-1: Swinging Strike 1-2: Ball 2-2: Strikes out swinging
|
|
Batting: RHB Dustin Bursell
|
0-0: Ball 1-0: Ball 2-0: Swinging Strike 2-1: Swinging Strike 2-2: Ball 3-2: Strikes out swinging
|
| Bottom of the 9th over - 0 runs, 0 hits, 0 errors, 0 left on base; Niagara Falls 9 - Detroit 1 |
|